Map: Ruins of Seras

Players

Solar - Winner!

  • Race: Zerg Zerg

uThermal

  • Race: Terran Terran

Event: Root's WW3

VOD

Have the link to the VOD?

Description

Time

  • Played on: Dec. 11, 2015, 5:28 a.m.
  • Length: 6:47

All games in this series

Show
View Real Time Build Order
Export as new Build Order

Solar Zerg - Winner!

Build Orders: Hatch First 

Get SALT Encoding   

  12  0:00  Drone  
  13  0:13  Overlord  
  13  0:18  Drone  
  14  0:32  Drone x2  
  16  0:36  Drone  
  17  0:53  Hatchery  
  17  0:56  Drone  
  17  1:00  Drone  
  18  1:10  Extractor  
  18  1:11  Drone  
  18  1:18  Spawning Pool  
  18  1:21  Drone  
  18  1:28  Drone  
  19  1:39  Overlord  
  19  2:05  Queen, Zergling x4  
  19  2:06  Queen  
  19  2:07  Drone  
  26  2:09  Metabolic Boost  
  26  2:14  Drone  
  27  2:16  Drone  
  27  2:22  Drone  
  29  2:27  Drone  
  30  2:37  Overlord  
  30  2:39  Drone  
  30  2:41  Queen  
  33  2:45  Drone  
  33  2:51  Drone  
  33  2:55  Drone  
  35  3:00  Drone  
  36  3:06  Drone  
  36  3:11  Drone  
  38  3:13  Overlord  
  38  3:16  Zergling x10  
  43  3:25  Overlord  
  43  3:31  Queen  
  45  3:38  Hatchery, Drone x3  
  47  3:43  Overlord  
  47  3:46  Drone x2  
  47  3:47  Drone  
  50  3:50  Drone  
  50  3:51  Drone  
  52  3:56  Roach Warren  
  52  4:00  Drone x2  
  52  4:01  Drone x2  
  55  4:07  Overlord  
  55  4:09  Extractor  
  54  4:15  Overlord  
  54  4:18  Drone  
  55  4:36  Drone  
  55  4:37  Overlord, Extractor  
  54  4:42  Roach x6  
  66  4:50  Roach, Queen  
  66  4:52  Roach x2  
  74  5:01  Zergling x2  
  74  5:02  Zergling x6  
  78  5:10  Zergling x4  
  78  5:11  Zergling x2  
  78  5:12  Zergling x6  
  83  5:20  Zergling x4  
  85  5:24  Overlord  
  85  5:26  Ravager x3  
  85  5:27  Zergling x2  
  89  5:29  Ravager  
  89  5:32  Zergling x4  
  89  5:33  Zergling x4  
  89  5:35  Ravager  
  95  5:37  Zergling x2  
  95  5:41  Overlord  
  95  5:42  Zergling x2  
  97  5:48  Zergling x2  
  98  5:53  Zergling x4  
  100  6:02  Spore Crawler  
  96  6:05  Zergling x12  
  96  6:06  Zergling x6  
  96  6:07  Ravager x3  
  105  6:18  Zergling x4  
  98  6:25  Zergling x4  
Show
View Real Time Build Order
Export as new Build Order

uThermal Terran 

Build Orders:  

Get SALT Encoding   

  12  0:01  SCV  
  13  0:13  SCV  
  14  0:18  Supply Depot  
  14  0:25  SCV  
  15  0:39  SCV  
  15  0:41  Barracks  
  16  0:46  Refinery  
  16  0:52  SCV  
  17  1:04  SCV  
  18  1:16  SCV  
  19  1:28  Orbital Command  
  19  1:29  Barracks Reactor  
  19  1:46  Command Center  
  20  1:54  SCV  
  20  2:00  Supply Depot  
  20  2:06  Reaper  
  20  2:07  Reaper  
  22  2:08  SCV  
  23  2:21  SCV  
  24  2:33  SCV  
  25  2:37  Command Center  
  25  2:45  SCV  
  26  2:52  Factory  
  26  2:55  Refinery  
  26  2:57  SCV  
  27  3:03  Orbital Command  
  27  3:06  Marine  
  27  3:10  Marine  
  27  3:11  SCV  
  30  3:25  SCV  
  32  3:39  SCV x2  
  32  3:40  Starport  
  31  3:44  Hellion x2  
  31  3:45  Barracks Reactor  
  31  3:47  Refinery  
  35  3:51  SCV  
  35  3:52  Orbital Command  
  35  3:55  SCV  
  37  4:05  Hellion x2  
  37  4:08  SCV x2  
  42  4:16  Liberator x2, Orbital Command  
  42  4:19  Supply Depot  
  42  4:20  SCV  
  43  4:29  SCV  
  44  4:32  SCV  
  44  4:36  Barracks Tech Lab  
  44  4:37  Hellion  
  53  4:39  Hellion  
  53  4:42  SCV x2  
  57  4:49  SCV  
  58  4:53  Supply Depot  
  58  4:54  SCV  
  58  4:56  Supply Depot, Marine  
  60  5:03  SCV x2  
  60  5:04  Liberator x2  
  60  5:06  SCV  
  63  5:13  Factory Tech Lab  
  63  5:17  Barracks  
  63  5:18  Barracks  
  63  5:24  SCV  
  63  5:25  Marine  
  71  5:28  SCV  
  71  5:30  SCV  
  71  5:34  Siege Tank  
  76  5:37  Refinery  
  76  5:43  SCV  
  76  5:45  Marine  
  75  5:51  SCV  
  75  5:52  SCV  
  75  6:02  Marine  
  66  6:06  Siege Tank  
  49  6:14  Marine x2  
  40  6:20  Marine  
Tags
 
Add a new tag
Caveats
  • Supply blocks, unpowered buildings, or Contaminate may cause inaccurate times.
  • Supply counts are checked every 10 seconds.